 Dungeon Crawl Stone Soup version 0.30-a0-860-g512cf1e979 (webtiles) character file.

Game seed: 4525668797141616739

64 Newt the Shooter (level 4, -1/30 HPs)
             Began as a Kobold Hunter on Mar 7, 2023.
             Slain by a worm (4 damage)
             ... on level 3 of the Dungeon.
             The game lasted 00:01:35 (1799 turns).

Newt the Shooter (Kobold Hunter)                    Turns: 1799, Time: 00:01:36

Health: -1/30      AC:  3    Str:  8    XL:     4   Next: 32%
Magic:  4/4        EV: 15    Int: 10    God:
Gold:   95         SH:  0    Dex: 25    Spells: 3/3 levels left

rFire   . . .      SeeInvis .    e - +4 broad axe of Opoigu Fyfa {drain, Contam rPois Dex+5 Stlth+}
rCold   . . .      Faith    .    (shield currently unavailable)
rNeg    . . .      Spirit   .    c - +0 leather armour
rPois   +          Reflect  .    (no helmet)
rElec   .          Rampage  .    f - +0 cloak
rCorr   .          Clarity  +    j - +0 pair of gloves
Will    +....                    (no boots)
Stlth   ++++                     (no amulet)
HPRegen 0.25/turn                (no ring)
MPRegen 0.09/turn                (no ring)

@: no status effects
A: small, no large weapons, nightstalker 3, clarity, deformed body,
strong-willed 1, MP-powered wands
a: no special abilities


You were on level 3 of the Dungeon.
You visited 1 branch of the dungeon, and saw 3 of its levels.

You collected 95 gold pieces.

Inventory:

Hand Weapons
 a - a +0 shortbow
 e - the +4 broad axe of Opoigu Fyfa (weapon) {drain, Contam rPois Dex+5 Stlth+}
   (You found it on level 3 of the Dungeon)

   Dex:       It affects your dexterity (+5).
   rPois:     It protects you from poison.
   Contam:    It causes magical contamination when unequipped.
   Stlth:     It makes you more stealthy.
Armour
 c - a +0 leather armour (worn)
 f - a +0 cloak (worn)
 j - a +0 pair of gloves (worn)
Wands
 k - a wand of roots (10)
Scrolls
 b - a scroll of immolation
 d - a scroll of poison
Potions
 g - a potion of mutation
 h - a potion of lignification {unknown}
 i - a potion of might {unknown}
 l - a potion of curing {unknown}


   Skills:
 + Level 4.7 Fighting
 - Level 5.3 Ranged Weapons
 - Level 2.4 Dodging
 - Level 1.3 Stealth


You had 3 spell levels left.
You didn't know any spells.
Your spell library contained the following spells:

 Spells                   Type           Power      Damage    Failure   Level
 Conjure Ball Lightning   Conj/Air       0%         3x3d6     100%        6
 Discord                  Hex            0%         N/A       100%        8
 Disjunction              Tloc           0%         N/A       100%        8


Dungeon Overview and Level Annotations

Branches:
Dungeon (3/15)

Altars:
Trog
Wu Jian


Innate Abilities, Weirdness & Mutations

You are small and have problems with some larger weapons.
You are completely attuned to the shadows.
You possess an exceptional clarity of mind.
Armour fits poorly on your strangely shaped body.
You are strong-willed. (Will+)
You expend magic power (3 MP) to strengthen your wands.


Message History

Really wield
e - the +4 broad axe of Opoigu Fyfa {drain, Contam rPois Dex+5 Stlth+}? [Y]es or [N]o only, please.
Really wield
e - the +4 broad axe of Opoigu Fyfa {drain, Contam rPois Dex+5 Stlth+}?
You feel agile.
You feel a build-up of mutagenic energy.
You sense an unholy aura.
e - the +4 broad axe of Opoigu Fyfa (weapon)
{drain, Contam rPois Dex+5 Stlth+} You now have 95 gold pieces (gained 15).
h - a murky sapphire potion A moth of wrath comes into view.
A moth of wrath is nearby!
No reachable target in view!
No reachable target in view!
A moth of wrath is nearby!
A moth of wrath is nearby!
A moth of wrath is nearby!
Unknown command.
A rat and 2 worms come into view.
Found a bloodstained altar of Trog.
A worm comes into view.
Found a hand axe and a club.
The rat closely misses you.
You hit the rat.
You kill the rat!
You slash the worm!
The worm is severely wounded.
You slash the worm! You barely miss the worm.
The moth of wrath goads the worm on!
The worm goes berserk!
The worm bites you! x2
* * * LOW HITPOINT WARNING * * *
The worm closely misses you.
You barely miss the worm.
The worm is heavily wounded.
You barely miss the worm. x2; The worm closely misses you. x2
The worm bites you!
* * * LOW HITPOINT WARNING * * *
Unknown command.
You hit the worm. You drain the worm.
The worm is severely wounded.
You barely miss the worm. You hit the worm.
The moth of wrath goads the worm on!
The worm goes berserk!
The worm bites you.
You die...

#...##
#.###....
#.##......
#.##....#..
#.##...###..).
#......#y#._..
####...###...)
#....#ww..#
#.....@w..#
##.......##
##....###
######


You could see a moth of wrath and 3 worms.

Vanquished Creatures
  An adder (D:2)
  A worm (D:2)
  3 bats
  4 endoplasms
  5 giant cockroaches
  6 goblins
  6 hobgoblins
  3 quokkas
  5 ball pythons
  4 frilled lizards
  3 kobolds
  7 rats
48 creatures vanquished.

Notes
Turn   | Place    | Note
-------+----------+-------------------------------------------
     0 | D:1      | Newt the Kobold Hunter began the quest for the Orb.
     0 | D:1      | Reached XP level 1. HP: 12/12 MP: 1/1
   195 | D:1      | Reached XP level 2. HP: 18/18 MP: 2/2
   343 | D:1      | Reached XP level 3. HP: 23/23 MP: 3/3
   440 | D:1      | Found a faded altar of an unknown god.
  1068 | D:2      | Reached XP level 4. HP: 30/30 MP: 4/4
  1097 | D:2      | Found an ornate altar of the Wu Jian Council.
  1604 | D:3      | Gained mutation: You possess an exceptional clarity of
                  | mind. [potion of mutation]
  1604 | D:3      | Gained mutation: Armour fits poorly on your strangely
                  | shaped body. [potion of mutation]
  1604 | D:3      | Gained mutation: You expend magic power (3 MP) to
                  | strengthen your wands. [potion of mutation]
  1604 | D:3      | Gained mutation: You are strong-willed. (Will+) [potion of
                  | mutation]
  1713 | D:3      | Identified the +4 broad axe of Opoigu Fyfa {drain, Contam
                  | rPois Dex+5 Stlth+}
  1790 | D:3      | Noticed a moth of wrath
  1793 | D:3      | Found a bloodstained altar of Trog.
  1799 | D:3      | Slain by a worm

Illustrated notes

Levels and vault maps discovered:
D:1:      dpeg_arrival_lava_altar, layout_basic, ebering_ecumenical_altar_hall
D:2:      layout_loops_ring, basic_altar
D:3:      layout_basic, tgw_trog, kennysheep_generic_room_5,
          uniq_crazy_yiuf_cottage

Skill      XL: |  1  2  3 |
---------------+----------+-----
Fighting       | 3 4 |  4.7
Ranged Weapons | |  5.3
Dodging        | |  2.4
Stealth        | |  1.3

Action                     |  1- 3 |  4- 6 || total
---------------------------+-------+-------++-------
  Melee: Broad axe         |       |     4 ||     4
   Fire: Shortbow          |    89 |    15 ||   104
    Use: Scroll            |       |     4 ||     4
         Potion            |       |     1 ||     1
 Armour: Leather armour    |    14 |       ||    14
  Dodge: Dodged            |    43 |     6 ||    49

Table legend: (Time is in decaauts)
 A = Elapsed time spent in this place.
 B = Non-inter-level travel time spent in this place.
 C = Inter-level travel time spent in this place.
 D = Time resting spent in this place.
 E = Time spent auto-exploring this place.
 F = Levels seen in this place.
 G = Mean time per level.
                   A        B        C        D        E       F      G
               +--------+--------+--------+--------+--------+-----+--------+
         Total |   1830 |   1770 |     60 |    104 |   1425 |   3 |  610.0 |
       Dungeon |   1830 |   1770 |     60 |    104 |   1425 |   3 |  610.0 |
               +--------+--------+--------+--------+--------+-----+--------+

Top non-repeatable levels by time:
     D:2: 872 daAuts
     D:1: 756 daAuts
     D:3: 201 daAuts
